woodfighter, chaotic female elven Rogue ---- --- ---- |..| --.------ |..--- |..| |.......---....-- |.-- ---- |...............----- |*| |..|-------.................%| |.| --..--...| |.............----.--- ----- |.--- |........-----............| |...| --...| |...| --- |.........| --.|.........| ---.----- |....-- ---.--- ----.---- ---......-- -------.......-- |.....----....| |...| ---.......| --- --.....----.| --.......| ---....---...-- ---.------ ---.........---.| |......|...------.......| --..........| |...|..---...............-- |............||.*......-- |...........| ---.......................| ----.........--.--....-- --..--..----- --..................--...---- --...|...%...|.....| --...--- ---..........-.......---......--------------....)).....-- --...-- |....................%.................@s...di..d......)| |....--- |....................-----.<..--------------..[......(.-- |......-- |...............--....| |...-- --........--- --......| |.......>.....------.-- --..| ----....-- ---.---- -----.--.|.|.-- --- ---- |..--- --- ---------- ---- woodfighter the Rogue Experience level: 8 Strength: 11 Dexterity: 19 Constitution: 16 Intelligence: 9 Wisdom: 12 Charisma: 8 Health: 0(61) Energy: 35(35) Def: 5 Gold: 0 Moves: 7101 Dungeon seed: _jTi9D3D-QU4zXq1 Game ID: woodfighter_1511110226 Your Inventory: Weapons a - a +0 elven short sword (weapon in hand) b - 12 +0 elven daggers (in quiver) Armor e - an uncursed +1 leather armor (being worn) n - a blessed +0 elven shield (being worn) q - an uncursed +0 mummy wrapping (being worn) r - an uncursed +0 pair of elven boots (being worn) Comestibles B - 2 uncursed tripe rations J - an uncursed apple Z - an uncursed lizard corpse Rings m - an uncursed ring of polymorph control (on left hand) Y - an uncursed ring of searching (on right hand) Wands I - a wand of fire (0:5) Tools g - an uncursed blindfold j - an uncursed oil lamp (0:1389) s - an uncursed bag of holding t - an uncursed bugle y - an uncursed skeleton key C - an uncursed brass lantern (lit) (0:66) D - an uncursed magic lamp X - an uncursed oil lamp (0:1475) Contents of the bag of holding: 48 gold pieces a [uncursed] [+1] dwarvish cloak a [uncursed] [+0] dwarvish cloak a [blessed] [+2] dwarvish cloak a [uncursed] [+0] dwarvish cloak a [uncursed] [+0] dwarvish cloak a [uncursed] [+0] dwarvish cloak a [uncursed] [+0] dwarvish cloak a [uncursed] [+0] dwarvish cloak a [uncursed] [+0] dwarvish iron helm a [uncursed] [+0] dwarvish mithril-coat 8 uncursed food rations 2 [uncursed] scrolls of confuse monster a [uncursed] scroll of create monster a [blessed] scroll of enchant weapon a [blessed] scroll of light a [uncursed] scroll of water a [cursed] potion of full healing a [cursed] potion of healing a [uncursed] potion of healing a [blessed] tallow candle [0:200] 2 [uncursed] tallow candles [0:200] a [blessed] wax candle [0:400] Spells and supernatural/magical abilities: Name Level Category Fail Memory W - pray for help -- divine ? -- Your skills at the end: Miscellaneous Skills wands [Basic] Weapon Skills dagger [Basic] short sword [Basic] Spellcasting Skills Final Attributes: You were piously aligned. You were sleep resistant. Your writing hand was ok. You had automatic searching. You had infravision. You were stealthy. You had polymorph control. Kos was angry with you. You are dead. Vanquished creatures: 2 giant mimics a large mimic a quantum mechanic a tengu a wolf 2 leprechauns a lizard a gnome king a dwarf mummy a housecat a dwarf lord 2 dust vortices a plains centaur a gnome mummy an ape an imp a baby crocodile 3 Uruk-hai a rock piercer a pony a shrieker 2 violet fungi 3 gnome lords 2 gnomish wizards a kobold mummy 2 red naga hatchlings a golden naga hatchling a gray ooze 2 elf zombies a straw golem 2 giant ants 3 kittens 7 dwarves 2 kobold lords an iguana 2 rothes 2 rabid rats 2 centipedes 2 jitterbugs 3 giant bats 4 dwarf zombies a werejackal 4 killer bees a coyote a gas spore 3 hobbits an acid blob 2 large kobolds 3 geckos 3 giant rats 2 cave spiders 2 brown molds a yellow mold 2 red molds 22 gnomes 3 manes 2 gnome zombies 14 jackals 2 foxes 4 kobolds 9 newts a goblin 8 sewer rats 11 grid bugs a bat 11 lichens 5 kobold zombies 190 creatures vanquished. Voluntary challenges: You did not cause conflict. You were not invisible. You did not have reflection. You were not displaced. You used a wielded weapon 295 times, starting on turn 7. You did not apply a unicorn horn. You did not use plumbed fixtures. You did not drink any magical draughts. You read items or engraved 1 time, starting on turn 2072. You never genocided any monsters. You never polymorphed an object. You never changed form. You completed Sokoban on turn 4854, according to the rules. You used no wishes. You never split a pudding. You never wrote Elbereth's name. You never violated your personal moral code. Dungeon overview: The Dungeons of Doom: levels 1 to 7 Level 1 a long staircase Level 2 Level 3 a potion shop stairs to The Gnomish Mines Level 4 a fountain, a sink Level 5 many fountains Level 6 stairs to Sokoban Level 7 The Gnomish Mines: levels 4 to 7 Level 4 stairs to The Dungeons of Doom Level 5 Level 6 <- You were here Level 7 Sokoban: levels 2 to 5 Level 2 a magic chest Level 3 Level 4 Level 5 an altar to Kos, a magic chest stairs to The Dungeons of Doom History has recorded: On T:1 you entered the Dungeons of Doom to retrieve the Amulet of Yendor! On T:146 you reached level 2 of The Dungeons of Doom. On T:503 you advanced to experience level 2. On T:624 you reached level 3 of The Dungeons of Doom. On T:688 you reached level 1 of The Gnomish Mines. On T:756 you advanced to experience level 3. On T:791 you reached level 4 of The Dungeons of Doom. On T:974 you prayed to Kos. On T:1161 you advanced to experience level 4. On T:1306 you reached level 5 of The Dungeons of Doom. On T:1664 you reached level 6 of The Dungeons of Doom. On T:1843 you reached level 7 of The Dungeons of Doom. On T:1938 you reached level 4 of Sokoban. On T:1949 you advanced to experience level 5. On T:2069 you opened a magic chest. On T:2232 you advanced to experience level 6. On T:2498 you reached level 3 of Sokoban. On T:3315 you reached level 2 of Sokoban. On T:4110 you reached level 1 of Sokoban. On T:4150 you advanced to experience level 7. On T:4854 you advanced to experience level 8. On T:4854 you entered the Sokoban zoo. On T:5231 you prayed to Kos. On T:5237 you prayed to Kos. On T:5891 you reached level 2 of The Gnomish Mines. On T:6303 you reached level 3 of The Gnomish Mines. On T:6602 you reached level 4 of The Gnomish Mines. Score breakdown: Gold: 48 ( 4 points) Experience: 8 levels ( 700 points) Exploration: 7 levels ( 180 points) Discoveries: 24 items ( 1200 points) Variety of kills: 67 monsters ( 2000 points) Major goal: finished Sokoban ( 1000 points) Survival: died (score multiplied by 3) Total score: 15252 Latest messages: You see here a tengu corpse. Where do you want to travel to? You displace your large dog. You see here a white gem. You stop travelling. (2x) You hear some noises in the distance. You hear some noises. You hear some noises in the distance. You stop travelling. (2x) There are a few objects here. The giant spider bites! The giant spider moves its spinnerets around you. The web sticks you to the floor. The giant spider bites! The giant spider moves its spinnerets around you. You stab the giant spider! The giant spider bites! The giant spider's bite was poisoned! Your movements are slowed slightly because of your load. You feel weaker! The giant spider moves its spinnerets around you. You stab the giant spider! The giant spider bites! The giant spider moves its spinnerets around you. The giant spider bites! You die... Final status: Goodbye woodfighter the Rogue, killed by a giant spider... You died in The Gnomish Mines on dungeon level 6 with 15252 points, and 48 pieces of gold, after 7101 moves. You were level 8 with a maximum of 61 hit points when you died.